 Dungeon Crawl Stone Soup version 0.21-a0-221-gfe971b9 (console) character file.

7912 removed the Reanimator (level 11, 0/64 HPs)
             Began as a Kobold Necromancer on Aug 25, 2017.
             Was a Follower of Ashenzari.
             Slain by a red devil
             ... wielding a +1 trident of piercing
             ... summoned by a kobold demonologist
              (19 damage)
             ... on level 10 of the Dungeon.
             The game lasted 00:27:13 (13945 turns).

removed the Reanimator (Kobold Necromancer)        Turns: 13945, Time: 00:27:14

Health: 0/64       AC:  8    Str:  5    XL:     11   Next: 46%
Magic:  2/18       EV: 20    Int: 19    God:    Ashenzari [*.....]
Gold:   477        SH:  0    Dex: 19    Spells: 9/20 levels left

rFire    . . .     SeeInvis .   a - +10 long sword {freeze, MR+ Dex+2} (curse)
rCold    . . .     Gourm    .   (shield restricted)
rNeg     . . .     Faith    .   f - +0 robe
rPois    .         Spirit   .   m - +0 helmet
rElec    .         Reflect  .   G - +0 cloak
rCorr    .         Harm     .   R - +2 pair of gloves {archery} (curse)
MR       +....                  F - +0 pair of boots
Stlth    ++........             Y - amulet of magic regeneration (curse)
HPRegen  0.20/turn              (no ring)
MPRegen  0.41/turn              (no ring)

@: no status effects
A: carnivore 3
a: Curse Item, Scrying, Renounce Religion


You were on level 10 of the Dungeon.
You worshipped Ashenzari.
Ashenzari was aware of your devotion.
You were very full.

You visited 2 branches of the dungeon, and saw 11 of its levels.

You collected 619 gold pieces.
You spent 142 gold pieces at shops.

Inventory:

Hand Weapons
 a - the cursed +10 long sword "Hell-Harrower" (weapon) {freeze, MR+ Dex+2}
   (You found it on level 7 of the Dungeon)

   It has been specially enchanted to freeze those struck by it, causing extra
   injury to most foes and up to half again as much damage against particularly
   susceptible opponents.
   It can also slow down cold-blooded creatures.
   It affects your dexterity (+2).
   It affects your resistance to hostile enchantments.
   It has a curse placed upon it.
 u - a +0 whip of draining
 v - a +0 whip
 V - a +1 dagger of electrocution
Missiles
 h - 3 throwing nets (quivered)
Armour
 f - a +0 robe (worn)
 m - a +0 helmet (worn)
 p - a +1 ring mail of fire resistance
 y - a +0 helmet
 F - a +0 pair of boots (worn)
 G - a +0 cloak (worn)
 R - a cursed +2 pair of gloves of archery (worn)
Jewellery
 N - an uncursed ring of flight
 S - an uncursed ring of ice
 T - an uncursed ring of resist corrosion
 Y - a cursed amulet of magic regeneration (around neck)
Wands
 O - a wand of acid (4/15)
 W - a wand of random effects (26/48)
 X - a wand of lightning (0/15)
Scrolls
 d - a scroll of fear
 e - 2 scrolls of recharging {unknown}
 g - 2 scrolls of remove curse
 i - 3 scrolls of amnesia
 w - 2 scrolls of blinking {unknown}
 A - 4 scrolls of enchant armour {unknown}
 D - 4 scrolls of noise {unknown}
 I - 3 scrolls of fog {unknown}
 K - 2 scrolls of magic mapping {unknown}
 L - a scroll of silence {unknown}
 M - 2 scrolls of teleportation {unknown}
 Q - a scroll of immolation {unknown}
Potions
 l - a potion of agility
 n - 4 potions of curing
 q - a potion of lignification
 r - a potion of resistance
 t - 5 potions of heal wounds
 x - 5 potions of flight
 E - 2 potions of invisibility
 J - 2 potions of mutation
 U - a potion of haste {unknown}
Books
 b - a book of Necromancy

   Spells                             Type                      Level
   a - Pain                           Necromancy                   1
   b - Animate Skeleton               Necromancy                   1
   c - Vampiric Draining              Necromancy                   3
   d - Regeneration                   Charms/Necromancy            3
   e - Animate Dead                   Necromancy                   4
   f - Control Undead                 Necromancy                   4
 P - a book of Air

   Spells                             Type                      Level
   a - Shock                          Conjuration/Air              1
   b - Swiftness                      Charms/Air                   2
   c - Static Discharge               Conjuration/Air              3
   d - Airstrike                      Air                          4
   e - Lightning Bolt                 Conjuration/Air              5
 Z - a book of Minor Magic

   Spells                             Type                      Level
   a - Magic Dart                     Conjuration                  1
   b - Blink                          Translocation                2
   c - Call Imp                       Summoning                    2
   d - Slow                           Hexes                        2
   e - Conjure Flame                  Conjuration/Fire             3
   f - Mephitic Cloud                 Conjuration/Poison/Air       3
Comestibles
 c - 4 meat rations
 j - 2 royal jellies


   Skills:
 - Level 5.7 Fighting
 - Level 8.1(11.6) Short Blades
 + Level 8.8(9.4) Long Blades
 - Level 6.6 Dodging
 - Level 2.6 Stealth
 - Level 5.2 Spellcasting
 - Level 9.0 Necromancy


You had 9 spell levels left.
You knew the following spells:

 Your Spells              Type           Power        Failure   Level  Hunger
a - Pain                  Necr           ####         1%          1    None
b - Vampiric Draining     Necr           #####.....   1%          3    ##.....
d - Animate Dead          Necr           N/A          2%          4    ####...
e - Regeneration          Chrm/Necr      ###.......   5%          3    ##.....


Dungeon Overview and Level Annotations

Branches:
Dungeon (10/15)            Temple (1/1) D:4
   Lair: D:8-11         Orc: D:9-12

Altars:
Ashenzari
Cheibriados
Dithmenos
Elyvilon
Fedhas
Gozag
Hepliaklqana
Kikubaaqudgha
Makhleb
Nemelex Xobeh
Okawaru
Qazlal
Ru
Sif Muna
Trog
Uskayaw
Vehumet
Wu Jian
Xom
Yredelemnul
Zin
The Shining One

Shops:
D:5 %   D:6 [   D:10 *

Annotations:
D:5 exclusion: wraith
D:8 exclusion: two-headed ogre


Innate Abilities, Weirdness & Mutations

You are small and have problems with some larger weapons.
You are carnivorous and can eat meat at any time.


Message History

The red devil hits you from afar with a trident of piercing!
The kobold demonologist hits you but does no damage.
Casting: Vampiric Draining
Confirm with . or Enter, or press ? or * to list all spells.
Aiming: Vampiric Draining
Press: ? - help, Shift-Dir - straight line, f/p - kobold demonologist
Aim: a kobold demonologist, wielding a dagger and wearing a robe (severely wounded, unusually agile)
The kobold demonologist is almost dead.
You feel life coursing into your body.
The red devil hits you from afar with a trident of piercing.
The kobold demonologist mumbles some strange words.
You miss the kobold demonologist.
The kobold demonologist is almost dead.
The red devil hits you from afar with a trident of piercing!
* * * LOW HITPOINT WARNING * * *
The kobold demonologist casts a spell.
You closely miss the kobold demonologist.
The kobold demonologist is almost dead.
The red devil hits you from afar with a trident of piercing!!
You die...

###..####...#...........#
.##..##.#........#..###.#
.##..##.#.#.ยงยง#.........#
.###.##.#..........#'####
.###.##.#...#..#...#....#
.....#..'......#.#.######
.....#..######.#...#
.....#..##....4#########
.....#..##....4K@.......
.....#..##....4###.#####
....(#..##.....# ..
.%...#..##....Q# ..#
####.##.##.....' .#
..##.##.##.....#. ..
..'..##.##..##.#.# .
..#####.##.. #.# .
......#.##.. .# #.


You could see an orange demon, an ice devil, a kobold demonologist and a red
devil.

Vanquished Creatures
  A tengu warrior (D:10)
  An unseen horror (D:10)
  Pikel (D:4)
  A troll (D:10)
  2 hippogriffs (D:8)
  A wraith (D:9)
  Eustachio (D:5)
  2 wyverns
  A steam dragon (D:9)
  Menkaure (D:6)
  Edmund (D:6)
  A water moccasin (D:10)
  3 slaves
  2 sky beasts
  3 black bears
  4 orc warriors
  2 ice beasts
  6 ogres
  2 centaurs
  Blork the orc (D:4)
  A gnoll sergeant (D:7)
  5 bullfrogs
  A water moccasin zombie (D:7)
  12 scorpions
  14 killer bees
  3 wights (D:6)
  3 howler monkeys
  3 crimson imps (D:9)
  5 hounds
  4 orc wizards
  2 orc priests (D:6)
  Crazy Yiuf (D:4)
  2 jellies
  A bullfrog skeleton (D:6)
  2 iguanas
  7 worker ants
  Robin (D:3)
  A worker ant zombie (D:7)
  5 gnolls
  11 adders
  2 shadow imps
  4 worms
  4 dart slugs
  8 leopard geckos
  24 orcs
  3 giant cockroaches
  12 hobgoblins
  12 jackals
  2 quokkas
  A ball python (D:1)
  A ball python skeleton (D:5)
  8 bats
  6 frilled lizards
  17 goblins
  A jackal skeleton (D:6)
  8 kobolds
  A leopard gecko zombie (D:3)
  2 quokka skeletons
  4 rats
241 creatures vanquished.

Notes
Turn   | Place    | Note
-------+----------+-------------------------------------------
     0 | D:1      | removed the Kobold Necromancer began the quest for the Orb.
     0 | D:1      | Reached XP level 1. HP: 10/10 MP: 3/3
   520 | D:1      | Reached XP level 2. HP: 11/15 MP: 0/5
   723 | D:1      | Reached XP level 3. HP: 18/19 MP: 3/6
   840 | D:1      | Learned a level 3 spell: Vampiric Draining
  1067 | D:1      | Reached skill level 5 in Necromancy
  2039 | D:2      | Reached XP level 4. HP: 23/24 MP: 4/7
  3564 | D:3      | Reached skill level 6 in Necromancy
  3564 | D:3      | Reached XP level 5. HP: 8/28 MP: 0/8
  3945 | D:3      | Found a blossoming altar of Fedhas.
  4203 | D:3      | Reached XP level 6. HP: 30/32 MP: 5/9
  4277 | D:3      | Reached skill level 7 in Necromancy
  4755 | D:4      | Noticed an ogre
  4898 | D:4      | Learned a level 4 spell: Animate Dead
  5056 | D:4      | Noticed a slave
  5056 | D:4      | Noticed a slave
  5098 | D:4      | Killed a slave
  5121 | D:4      | Killed a slave
  5265 | D:4      | Noticed Pikel
  5269 | D:4      | Noticed a slave
  5338 | D:3      | Killed a slave
  5581 | D:4      | Found a staircase to the Ecumenical Temple.
  5583 | D:4      | Noticed Robin
  5607 | D:3      | Killed Robin
  5660 | D:4      | Noticed Blork the orc
  5661 | D:4      | Reached XP level 7. HP: 34/36 MP: 8/12
  5810 | D:4      | Killed Blork the orc
  6082 | D:4      | Killed Pikel
  6082 | D:4      | Reached skill level 5 in Fighting
  6082 | D:4      | Reached XP level 8. HP: 44/51 MP: 1/14
  6435 | D:4      | Found a runed door.
  6569 | D:4      | Noticed Crazy Yiuf
  6573 | D:4      | Killed Crazy Yiuf
  6638 | D:5      | Entered Level 5 of the Dungeon
  6706 | D:5      | Noticed a wraith
  6941 | D:5      | Reached skill level 5 in Dodging
  7305 | D:5      | Found Bimolush's Food Shop.
  7642 | D:6      | Noticed Edmund
  7656 | D:6      | Killed Edmund
  7656 | D:6      | Reached XP level 9. HP: 54/55 MP: 8/15
  7719 | D:6      | Reached skill level 8 in Necromancy
  7843 | Temple   | Entered the Ecumenical Temple
  8205 | D:6      | Noticed Menkaure
  8492 | D:6      | Killed Menkaure
  8752 | D:6      | Found Peentups's Antique Armour Shop.
  8819 | D:6      | Reached skill level 9 in Necromancy
  9020 | D:6      | Learned a level 3 spell: Regeneration
  9260 | D:6      | Reached skill level 5 in Spellcasting
  9287 | D:6      | Reached skill level 1 in Short Blades
  9499 | D:6      | Noticed Eustachio
  9600 | D:5      | Reached skill level 5 in Short Blades
  9823 | D:5      | Killed Eustachio
  9992 | D:6      | Reached XP level 10. HP: 51/60 MP: 17/17
 10398 | D:6      | Bought a pair of embroidered gloves for 142 gold pieces
 10647 | D:7      | Got a scorched long sword
 10648 | D:7      | Identified the +10 long sword "Hell-Harrower" {freeze, MR+ Dex+2} (You found it on level 7 of the Dungeon)
 10674 | D:7      | Found an iron altar of Okawaru.
 10683 | D:7      | Reached skill level 1 in Long Blades
 11105 | D:7      | Found a snail-covered altar of Cheibriados.
 11114 | D:7      | Found a hazy altar of Hepliaklqana.
 11632 | D:8      | Reached skill level 5 in Long Blades
 11772 | D:8      | Noticed a two-headed ogre
 11784 | D:8      | Found a shattered altar of Ashenzari.
 11788 | D:8      | Became a worshipper of Ashenzari the Shackled
 11793 | D:8      | Found a hide-covered altar of Uskayaw.
 11793 | D:8      | Found a sacrificial altar of Ru.
 11797 | D:8      | Found a stormy altar of Qazlal.
 11800 | D:8      | Found an ancient bone altar of Kikubaaqudgha.
 12511 | D:9      | Noticed a two-headed ogre
 12587 | D:8      | Reached XP level 11. HP: 46/64 MP: 18/18
 13236 | D:10     | Entered Level 10 of the Dungeon
 13594 | D:10     | Found Ymabbiur's Demolitions Depot.
 13603 | D:10     | Reached * piety under Ashenzari
 13654 | D:10     | Killed an unseen horror
 13916 | D:10     | Noticed a tengu warrior
 13934 | D:10     | Killed a tengu warrior
 13945 | D:10     | Slain by a red devil

Vault maps used:
D:1:      saegor_arrival_under_anarchy
D:2:      kennysheep_generic_room_13
D:3:      nicolae_overflow_crystal_walls
D:4:      minmay_temple_entry_large_hall, first_bread, uniq_robin,
          uniq_blork_the_orc, uniq_crazy_yiuf_cottage, uniq_pikel
D:5:      serial_shops, nicolae_shop_crystal
D:6:      cheibrodos_barr_body, serial_shops, shop_statue, uniq_edmund,
          uniq_menkaure, uniq_eustachio
D:7:      okawaru_ov_weapons_minmay, amethyst_overflow_temple_binary
D:8:      minitemple
D:10:     minmay_curly_fans, the_bakery, nicolae_blasting_shop
Temple:   oiseaux_autumnal_temple

Skill      XL: |  1  2  3  4  5  6  7  8  9 10 11 |
---------------+----------------------------------+-----
Necromancy     | 5 6 7 9 |  9.0
Spellcasting   | 3 4 5 |  5.2
Fighting       | 5 |  5.7
Dodging        | 6 |  6.6
Short Blades   | 6 8 |  8.1
Long Blades    | 6 8 |  8.8
Stealth        | |  2.6

Action                   |  1- 3 |  4- 6 |  7- 9 | 10-12 || total
-------------------------+-------+-------+-------+-------++-------
Melee: Dagger            |       |    95 |   276 |    66 ||   437
       Long sword        |       |       |       |   183 ||   183
 Cast: Pain              |    77 |   103 |    45 |    11 ||   236
       Vampiric Draining |       |     6 |    18 |    31 ||    55
       Animate Dead      |       |     2 |     1 |       ||     3
Invok: Curse Item        |       |       |       |     3 ||     3
Evoke: Wand              |       |       |       |     3 ||     3
  Use: Scroll            |       |       |     7 |     3 ||    10
 Stab: Sleeping          |       |       |     3 |     6 ||     9
       Distracted        |       |       |     1 |       ||     1
  Eat: Chunk             |    13 |    13 |    15 |    14 ||    55
Armor: Robe              |     2 |    13 |    26 |    49 ||    90
Dodge: Dodged            |    11 |    69 |   195 |   275 ||   550
       Rpst.: Long sword |       |       |       |    61 ||    61

Table legend:
 A = Spawn XP
 B = Non-spawn XP
 C = Spawn XP percentage of total XP
 D = Spawn monster count
 E = Non-spawn monster count
 F = Spawn count percentage of total count
 G = Total turns spent on level
                    A         B        C        D         E        F      G
               +---------+---------+-------+---------+---------+-------+---------
         Total |    1709 |    9595 |  15.1 |      41 |     197 |  17.2 | 13945
               +---------+---------+-------+---------+---------+-------+---------
           D:1 |      19 |      37 |  33.9 |       4 |      19 |  17.4 |  1900
           D:2 |      15 |      47 |  24.2 |       6 |      17 |  26.1 |  1633
           D:3 |       7 |     264 |   2.6 |       3 |      25 |  10.7 |  1624
           D:4 |      44 |     988 |   4.3 |       2 |      19 |   9.5 |  1497
           D:5 |      85 |     821 |   9.4 |       5 |      18 |  21.7 |  1500
           D:6 |     338 |    1451 |  18.9 |       7 |      32 |  17.9 |  1794
           D:7 |     146 |     998 |  12.8 |       4 |      24 |  14.3 |  1212
           D:8 |     281 |    1091 |  20.5 |       2 |      12 |  14.3 |   795
           D:9 |     681 |    1438 |  32.1 |       7 |      22 |  24.1 |  1038
          D:10 |      93 |    2460 |   3.6 |       1 |       9 |  10.0 |   709
               +---------+---------+-------+---------+---------+-------+---------
